 Dungeon Crawl Stone Soup version 0.26.1-11-gd32895ea62 (webtiles) character file.

Game seed: 3519734649499068277

357 Zeld the Ducker (level 6, 0/45 HPs)
             Began as an Octopode Monk on May 18, 2021.
             Was a Believer of Qazlal.
             Slain by an ogre
             ... wielding a +0 giant club
              (26 damage)
             ... on level 3 of the Dungeon.
             The game lasted 00:05:34 (3611 turns).

Zeld the Ducker (Octopode Monk)                     Turns: 3611, Time: 00:05:34

Health: 0/45       AC:  1    Str: 13    XL:     6   Next: 64%
Magic:  6/6        EV: 15    Int: 12    God:    Qazlal [**....]
Gold:   113        SH:  2    Dex: 14    Spells: 5/5 levels left

rFire    . . .     SeeInvis .   a - +0 falchion
rCold    . . .     Faith    .   (no shield)
rNeg     . . .     Spirit   .   (helmet restricted)
rPois    .         Reflect  .   (no amulet)
rElec    .         Harm     .   (no ring)
rCorr    .         Rampage  .   (no ring)
Will     .....                  (no ring)
Stlth    +++.......             (no ring)
HPRegen  0.15/turn              (no ring)
MPRegen  0.10/turn              (no ring)
                                (no ring)
                                (no ring)

@: no status effects
A: almost no armour, stealthy swim, amphibious, 8 rings, constrict 8, camouflage
1, gelatinous body 1
a: Renounce Religion, Upheaval


You were on level 3 of the Dungeon.
You worshipped Qazlal.
Qazlal was pleased with you.
You visited 1 branch of the dungeon, and saw 3 of its levels.

You collected 113 gold pieces.

Inventory:

Hand Weapons
 a - a +0 falchion (weapon)
Missiles
 p - 4 boomerangs (quivered)
Wands
 o - a wand of polymorph (7)
Scrolls
 d - 5 scrolls of identify {unknown}
 e - 2 scrolls of remove curse {unknown}
 f - 3 scrolls of enchant weapon {unknown}
 g - a scroll of teleportation {unknown}
 h - a scroll of amnesia {unknown}
 k - a scroll of enchant armour {unknown}
 l - a scroll of blinking {unknown}
 m - a scroll of immolation {unknown}
Potions
 b - 2 potions of degeneration {unknown}
 c - a potion of mutation {unknown}
 i - a potion of might {unknown}
 j - a potion of lignification {unknown}
 n - 3 potions of flight {unknown}


   Skills:
 * Level 4.8 Fighting
 * Level 4.8 Long Blades
 * Level 4.8 Dodging
 - Level 2.6 Stealth


You had 5 spell levels left.
You didn't know any spells.
Your spell library was empty.

Dungeon Overview and Level Annotations

Branches:
Dungeon (3/15)

Altars:
Ashenzari
Gozag
Qazlal
Wu Jian
Yredelemnul


Innate Abilities, Weirdness & Mutations

You cannot wear most types of armour.
You are very stealthy in the water. (Stealth+)
You are amphibious.
You can wear up to eight rings at the same time.
You can use your tentacles to constrict eight enemies at once.
Your skin changes colour to match your surroundings (Stealth+).
Your rubbery body absorbs attacks. (AC +1, EV +1)


Message History

Found a stone staircase leading up.
The ogre shouts!
An ogre is nearby!
An ogre is nearby!
An ogre is nearby!
The ogre barely misses you.
You hit the ogre but do no damage. The ogre closely misses you.
You hit the ogre.
The ogre is lightly wounded.
You barely miss the ogre.
The ogre is lightly wounded.
The ogre completely misses you.
You hit the ogre.
The ogre is heavily wounded.
The ogre hits you with a +0 giant club!!
You hit the ogre but do no damage. You squeeze the ogre.
The ogre is heavily wounded.
The ogre hits you with a +0 giant club!!
Ouch! That really hurt!
You die...

.#...###.....)...#
.#..<....).##).#.#
.#..#####...#..#.#
.#..# #...##.#.##
##### ###.####..#
.# ##.# .# #.#
.#####.####
.O#.O@☼<..# #
#....○....# #
###.......# #
#.......# #
#.......# #
#.......# #
#.......# #
........#


You could see an ogre.

Vanquished Creatures
  A centaur (D:3)
  Jessica (D:3)
  Natasha (thrice) (D:3)
  2 orc wizards
  Robin (D:3)
  2 adders
  3 leopard geckos
  7 orcs
  5 bats
  3 giant cockroaches
  10 hobgoblins
  2 jackals (D:2)
  8 kobolds
  7 quokkas
  4 frilled lizards
  15 goblins
  6 rats
80 creatures vanquished.

Notes
Turn   | Place    | Note
-------+----------+-------------------------------------------
     0 | D:1      | Zeld the Octopode Monk began the quest for the Orb.
     0 | D:1      | Reached XP level 1. HP: 16/16 MP: 1/1
   329 | D:1      | Reached XP level 2. HP: 21/21 MP: 2/2
   761 | D:2      | Reached XP level 3. HP: 26/26 MP: 3/3
   864 | D:2      | Found an ornate altar of the Wu Jian Council.
  1202 | D:2      | Found a basalt altar of Yredelemnul.
  1535 | D:3      | Noticed Robin
  1548 | D:2      | Reached XP level 4. HP: 15/33 MP: 4/4
  2571 | D:3      | Killed Robin
  2575 | D:3      | Reached XP level 5. HP: 35/37 MP: 5/5
  2698 | D:3      | Noticed an ogre
  2865 | D:3      | Noticed Natasha
  2873 | D:3      | Killed Natasha
  2958 | D:3      | Noticed a centaur
  2966 | D:3      | Killed a centaur
  2967 | D:3      | Reached XP level 6. HP: 31/44 MP: 6/6
  3059 | D:3      | Found an opulent altar of Gozag.
  3066 | D:3      | Noticed Natasha
  3080 | D:3      | Killed Natasha
  3275 | D:3      | Found a stormy altar of Qazlal.
  3276 | D:3      | Found a broken altar of Ashenzari.
  3309 | D:3      | Became a worshipper of Qazlal Stormbringer
  3309 | D:3      | Reached * piety under Qazlal
  3309 | D:3      | Reached ** piety under Qazlal
  3334 | D:3      | Noticed Natasha
  3342 | D:3      | Killed Natasha
  3375 | D:3      | Noticed Jessica
  3383 | D:3      | Killed Jessica
  3611 | D:3      | Slain by an ogre

Illustrated notes

Levels and vault maps discovered:
D:1:      shiori_arrival_oz, layout_rooms
D:2:      layout_basic, lemuel_crystal_altar, lemuel_coloured_pillars_altar
D:3:      layout_rooms, lemuel_doored_altar, gammafunk_temple_overflow_statue,
          fountainhead, uniq_crazy_yiuf_cottage, uniq_jessica, uniq_robin,
          uniq_natasha

Skill      XL: |  1  2  3  4 |
---------------+-------------+-----
Long Blades    | 4 |  4.8
Dodging        | 4 |  4.8
Fighting       | 4 |  4.8
Stealth        | |  2.6

Action                   |  1- 3 |  4- 6 || total
-------------------------+-------+-------++-------
Melee: Falchion          |    57 |    86 ||   143
       Constrict         |    18 |    27 ||    45
       Tentacles         |    13 |    16 ||    29
 Stab: Sleeping          |    10 |     4 ||    14
Armor: Skin              |     5 |     4 ||     9
Dodge: Dodged            |    46 |    94 ||   140
Block: Other             |       |     3 ||     3
       Rpst.: Falchion   |    15 |    22 ||    37
